[Event "42nd Olympiad Baku 2016 Open"]
[Site "Baku"]
[Date "2016.09.03"]
[Round "2.33"]
[White "Munkhgal, Gombosuren"]
[Black "Nyback, Tomi"]
[Result "1/2-1/2"]
[ECO "D80"]
[WhiteElo "2446"]
[BlackElo "2580"]
[Annotator ""]
[PlyCount "112"]
[EventDate "2016.??.??"]
[EventCountry "AZE"]
[SourceTitle "playchess.com"]
[Source "ChessBase"]
[WhiteTeam "Mongolia"]
[BlackTeam "Finland"]
[WhiteTeamCountry "MGL"]
[BlackTeamCountry "FIN"]
[TimeControl "40/5400+30:1800+30"]

1. d4 {(00:00)} Nf6 {(00:00)} 2. c4 {(00:00)} g6 {(
00:00)} 3. Nc3 {(00:00)} d5 {(00:00)} 4. Bg5 {(00:14)} Bg7
{(00:16)} 5. Bxf6 {(00:34)} Bxf6 {(00:07)} 6. cxd5 {
(00:11)} c5 {(00:44)} 7. Nf3 {(02:04)} cxd4 {(00:
17)} 8. Nxd4 {(00:41)} Qb6 {(00:28)} 9. Nb3 {(03:59)} O-O
{(00:50)} 10. e3 {(01:02)} Rd8 {(04:36)} 11. Be2 {(
01:17)} e6 {(05:28)} 12. Bf3 {(06:56)} Bxc3+ {(19:13)} 13.
bxc3 {(00:08)} exd5 {(00:08)} 14. O-O {(01:52)} Nc6 {
(07:51)} 15. Nd4 {(23:33)} Ne5 {(13:59)} 16. Be2 {(
04:26)} Qc7 {(07:39)} 17. Rc1 {(11:27)} Bd7 {(07:29)} 18.
Qb3 {(06:58)} Be8 {(04:56)} 19. c4 {(21:37)} dxc4 {
(07:18)} 20. Bxc4 {(00:06)} Nxc4 {(12:35)} 21. Rxc4 {
(00:15)} Qd7 {(00:10)} 22. Rfc1 {(03:36)} Rac8 {(
01:46)} 23. h3 {(01:21)} Rxc4 {(02:04)} 24. Qxc4 {(00:04)}
Qd6 {(01:03)} 25. Rc3 {(04:23)} Kf8 {(01:38)} 26. Rd3 {
(01:47)} Qe7 {(00:50)} 27. Qc3 {(01:27)} Kg8 {(00:
25)} 28. Rd2 {(01:40)} Rd5 {(00:46)} 29. Rc2 {(01:27)} b6
{(01:04)} 30. Qc8 {(00:09)} Qd7 {(00:18)} 31. Qxd7 {
(01:15)} Bxd7 {(00:49)} 32. Rc7 {(00:03)} a5 {(00:
29)} 33. Kf1 {(00:36)} Kf8 {(00:22)} 34. Ke2 {(00:13)} Ke8
{(00:21)} 35. Rb7 {(01:16)} b5 {(00:37)} 36. Kd3 {(
00:17)} Rg5 {(00:41)} 37. g4 {(00:30)} h5 {(00:29)} 38. f4
{(00:16)} Rc5 {(00:33)} 39. Nb3 {(01:06)} Rd5+ {(
00:33)} 40. Nd4 {(00:00)} hxg4 {(00:00)} 41. hxg4 {(00:11]
} Bxg4 {(07:49)} 42. Rxb5 {(08:03)} Rxb5 {(06:23)} 43.
Nxb5 {(00:05)} Kd7 {(01:50)} 44. Kd4 {(02:50)} Kc6 {
(03:45)} 45. Nc3 {(00:11)} Be6 {(03:10)} 46. a3 {(
01:27)} Bb3 {(03:03)} 47. Ne4 {(02:31)} Kb5 {(02:17)} 48.
Nc3+ {(01:57)} Kc6 {(00:08)} 49. Ne4 {(02:12)} Kb5 {
(00:14)} 50. Kc3 {(08:42)} Bd5 {(01:18)} 51. Nf6 {(
00:05)} Kc5 {(01:46)} 52. e4 {(02:03)} Bb7 {(03:27)} 53.
Kd3 {(02:52)} Ba6+ {(00:08)} 54. Kc3 {(00:06)} Bb7 {
(00:05)} 55. Kd3 {(00:44)} Ba6+ {(00:06)} 56. Kc3 {
(00:26)} Bb7 {(00:09)} 1/2-1/2

[Event "42nd Olympiad Baku 2016 Open"]
[Site "Baku"]
[Date "2016.09.03"]
[Round "2.8"]
[White "Muradli, Mahammad"]
[Black "Aleksandrov, Aleksej"]
[Result "0-1"]
[ECO "D38"]
[WhiteElo "2331"]
[BlackElo "2547"]
[Annotator ""]
[PlyCount "156"]
[EventDate "2016.??.??"]
[EventCountry "AZE"]
[SourceTitle "playchess.com"]
[Source "ChessBase"]
[WhiteTeam "Azerbaijan"]
[BlackTeam "Belarus"]
[WhiteTeamCountry "AZE"]
[BlackTeamCountry "BLR"]
[TimeControl "40/5400+30:1800+30"]

1. d4 {(00:00)} Nf6 {(00:00)} 2. Nf3 {(00:00)} e6 {
(00:00)} 3. c4 {(00:00)} d5 {(00:01)} 4. Nc3 {(00:
00)} Bb4 {(00:09)} 5. Qa4+ {(00:00)} Nc6 {(00:04)} 6. Bg5
{(00:00)} dxc4 {(04:41)} 7. Bxf6 {(09:11)} gxf6 {(
12:50)} 8. a3 {(03:12)} Bxc3+ {(00:12)} 9. bxc3 {(00:03)}
Qd5 {(00:13)} 10. g3 {(05:44)} Bd7 {(22:12)} 11. Qc2 {
(02:21)} Na5 {(00:21)} 12. e4 {(02:09)} Qh5 {(03:
45)} 13. Be2 {(12:35)} Qh6 {(07:48)} 14. Nd2 {(05:43)} c5
{(03:00)} 15. d5 {(05:32)} b5 {(15:49)} 16. O-O {(
12:56)} O-O {(00:26)} 17. Rfd1 {(00:53)} exd5 {(04:10)}
18. exd5 {(00:45)} Rae8 {(03:35)} 19. Bf3 {(03:44)} Re5 {
(04:12)} 20. Re1 {(19:36)} Rfe8 {(01:53)} 21. Rxe5 {
(00:50)} fxe5 {(00:31)} 22. Re1 {(04:32)} f5 {(00:
30)} 23. Bg2 {(01:48)} e4 {(00:21)} 24. Nf1 {(03:08)} Nb7
{(01:49)} 25. f3 {(01:06)} exf3 {(03:31)} 26. Rxe8+ {
(00:05)} Bxe8 {(00:06)} 27. Bxf3 {(00:09)} Bd7 {(
00:40)} 28. Qe2 {(01:05)} Qd6 {(02:22)} 29. Qe3 {(02:24)}
h6 {(00:14)} 30. Nd2 {(01:36)} Nd8 {(00:08)} 31. Bh5 {
(01:47)} Nf7 {(02:48)} 32. Nf3 {(02:20)} Qxd5 {(02:
17)} 33. Bxf7+ {(00:36)} Kxf7 {(01:03)} 34. Ne5+ {(00:12)}
Ke7 {(01:22)} 35. Nxc4+ {(00:45)} Kd8 {(00:37)} 36. Ne5 {
(00:22)} Bc8 {(00:40)} 37. Ng6 {(00:46)} Bb7 {(00:
32)} 38. Qe7+ {(00:30)} Kc8 {(00:01)} 39. Qf8+ {(00:31)}
Kc7 {(00:04)} 40. Qg7+ {(00:00)} Kb6 {(00:00)} 41. Nf4 {
(03:44)} Qh1+ {(07:51)} 42. Kf2 {(01:01)} Qxh2+ {(
00:06)} 43. Ke3 {(01:44)} Qh1 {(02:27)} 44. Qf6+ {(05:25)}
Ka5 {(01:08)} 45. Nd3 {(02:34)} Qg1+ {(05:52)} 46. Kd2 {
(00:52)} c4 {(02:18)} 47. Qd8+ {(08:26)} Qb6 {(01:
24)} 48. Qxb6+ {(00:24)} Kxb6 {(00:10)} 49. Nf4 {(01:20)}
Bc8 {(02:26)} 50. Nd5+ {(08:15)} Kc5 {(00:11)} 51. Ne3 {
(00:08)} Bd7 {(09:56)} 52. Nc2 {(00:43)} Kb6 {(00:
16)} 53. Ne3 {(01:40)} a6 {(01:12)} 54. Nd5+ {(00:26)} Ka5
{(02:15)} 55. Kc1 {(01:13)} Bc6 {(00:37)} 56. Ne7 {
(00:22)} Be4 {(00:05)} 57. Ng6 {(00:41)} Kb6 {(01:
22)} 58. Nf4 {(00:14)} Kc5 {(00:11)} 59. Kd2 {(00:16)} Bd3
{(01:19)} 60. Ke3 {(00:40)} Kb6 {(00:33)} 61. Kd2 {
(00:23)} Ka5 {(00:45)} 62. Kc1 {(00:08)} Be4 {(00:
51)} 63. Kb2 {(00:56)} Kb6 {(00:27)} 64. Kc1 {(00:04)} Kc5
{(00:59)} 65. Kd2 {(00:14)} Bd5 {(00:10)} 66. Nh5 {
(00:58)} Bc6 {(01:10)} 67. Nf4 {(00:58)} Bd7 {(00:
13)} 68. Ng6 {(00:41)} a5 {(00:17)} 69. Ne5 {(00:20)} Be6
{(00:27)} 70. Nf3 {(00:30)} b4 {(00:09)} 71. axb4+ {
(00:35)} axb4 {(00:02)} 72. cxb4+ {(00:04)} Kxb4 {(
00:00)} 73. Nd4 {(00:53)} c3+ {(00:23)} 74. Kd3 {(00:38)}
Ba2 {(01:00)} 75. Kc2 {(00:29)} Bd5 {(00:06)} 76. Ne2 {
(00:28)} Be4+ {(00:05)} 77. Kc1 {(00:04)} Kc4 {(00:
07)} 78. Nf4 {(00:11)} Kd4 {(00:11)} 0-1

[Event "42nd Olympiad Baku 2016 Open"]
[Site "Baku"]
[Date "2016.09.03"]
[Round "2.36"]
[White "Murillo Tsijli, Alexis"]
[Black "Karthikeyan, Murali"]
[Result "0-1"]
[ECO "D30"]
[WhiteElo "2272"]
[BlackElo "2527"]
[Annotator ""]
[PlyCount "90"]
[EventDate "2016.??.??"]
[EventCountry "AZE"]
[SourceTitle "playchess.com"]
[Source "ChessBase"]
[WhiteTeam "Costa Rica"]
[BlackTeam "India"]
[WhiteTeamCountry "CRI"]
[BlackTeamCountry "IND"]
[TimeControl "40/5400+30:1800+30"]

1. d4 {(00:00)} d5 {(00:00)} 2. c4 {(00:00)} e6 {(
00:00)} 3. Nf3 {(00:00)} Nf6 {(00:10)} 4. Bg5 {(00:08)}
Nbd7 {(00:46)} 5. e3 {(00:18)} Be7 {(00:39)} 6. Nbd2 {
(02:49)} O-O {(00:46)} 7. Bd3 {(00:07)} c5 {(02:17]
} 8. cxd5 {(00:55)} Nxd5 {(01:49)} 9. Bxe7 {(00:14)} Qxe7
{(00:51)} 10. O-O {(00:12)} cxd4 {(02:17)} 11. Nxd4 {
(00:09)} Nc5 {(01:16)} 12. Ne4 {(06:42)} Nxd3 {(04:
35)} 13. Qxd3 {(00:28)} e5 {(09:42)} 14. Nf3 {(14:04)} Rd8
{(02:27)} 15. Ng3 {(03:23)} g6 {(12:58)} 16. Qe4 {(
02:50)} f6 {(00:26)} 17. h4 {(00:47)} Qb4 {(12:35)} 18.
Rad1 {(10:22)} Qxe4 {(01:54)} 19. Nxe4 {(00:12)} Bf5 {
(03:30)} 20. Rxd5 {(15:59)} Bxe4 {(01:00)} 21. Rc5 {
(00:23)} Bc6 {(02:39)} 22. Rfc1 {(06:41)} Rd7 {(02:
45)} 23. Kh2 {(03:50)} Rad8 {(02:19)} 24. Kg3 {(00:08)}
Kf7 {(01:57)} 25. R5c2 {(05:55)} h6 {(03:14)} 26. Rc5 {
(02:02)} Ke6 {(02:43)} 27. Nh2 {(01:49)} Rd2 {(02:
53)} 28. b4 {(01:55)} Rxa2 {(02:47)} 29. b5 {(00:05)} Be4
{(04:30)} 30. f3 {(03:26)} Rdd2 {(01:05)} 31. Rg1 {
(00:13)} Rdc2 {(01:15)} 32. Rxc2 {(00:16)} Bxc2 {(
00:02)} 33. Ng4 {(01:12)} Bd3 {(03:55)} 34. Nxh6 {(01:10)}
Bxb5 {(00:58)} 35. e4 {(00:42)} a5 {(02:08)} 36. h5 {
(01:32)} gxh5 {(00:55)} 37. Nf5 {(00:13)} Rd2 {(01:
47)} 38. Ra1 {(01:00)} a4 {(00:23)} 39. Ne3 {(04:51)} Bc6
{(00:46)} 40. Nc4 {(00:00)} Rd4 {(00:00)} 41. Na5 {
(03:32)} Kd6 {(05:41)} 42. Nxc6 {(02:22)} Kxc6 {(
00:12)} 43. Kh4 {(00:14)} b5 {(02:34)} 44. Kxh5 {(00:15)}
Kb6 {(00:46)} 45. Kg6 {(07:17)} Rd6 {(00:58)} 0-1

[Event "42nd Olympiad Baku 2016 Open"]
[Site "Baku"]
[Date "2016.09.03"]
[Round "2.8"]
[White "Murshed, Niaz"]
[Black "Urkedal, Frode"]
[Result "1-0"]
[ECO "E15"]
[WhiteElo "2439"]
[BlackElo "2537"]
[Annotator ""]
[PlyCount "145"]
[EventDate "2016.??.??"]
[EventCountry "AZE"]
[SourceTitle "playchess.com"]
[Source "ChessBase"]
[WhiteTeam "Bangladesh"]
[BlackTeam "Norway"]
[WhiteTeamCountry "BAN"]
[BlackTeamCountry "NOR"]
[TimeControl "40/5400+30:1800+30"]

1. d4 {(00:00)} Nf6 {(00:00)} 2. c4 {(00:10)} e6 {(
00:00)} 3. Nf3 {(00:06)} b6 {(00:01)} 4. g3 {(00:45)} Ba6
{(00:33)} 5. Qb3 {(00:50)} Nc6 {(05:08)} 6. Nbd2 {(
00:33)} Na5 {(06:03)} 7. Qa4 {(01:17)} Qc8 {(08:36)} 8. e4
{(16:18)} Qb7 {(15:19)} 9. Qc2 {(01:50)} d5 {(11:
45)} 10. cxd5 {(14:02)} Bxf1 {(05:19)} 11. Kxf1 {(01:26)}
exd5 {(00:11)} 12. e5 {(01:39)} Ne4 {(00:42)} 13. Kg2 {
(13:53)} Be7 {(06:58)} 14. Re1 {(02:05)} Nxd2 {(05:
57)} 15. Bxd2 {(00:12)} Nc4 {(00:33)} 16. Bg5 {(11:12)} c6
{(11:01)} 17. b3 {(06:25)} Na3 {(02:54)} 18. Qd2 {(
10:03)} O-O {(02:18)} 19. Rac1 {(03:40)} Rac8 {(02:07)}
20. Nh4 {(01:41)} Rfe8 {(10:28)} 21. Bxe7 {(03:32)} Qxe7 {
(00:20)} 22. Nf5 {(00:10)} Qe6 {(00:28)} 23. Nd6 {(
00:35)} Nb5 {(00:03)} 24. Nxc8 {(01:15)} Rxc8 {(00:07)}
25. Qd3 {(01:26)} Qd7 {(00:40)} 26. a4 {(01:48)} Nc7 {
(00:02)} 27. f4 {(00:12)} Ne6 {(00:21)} 28. f5 {(
00:42)} Ng5 {(00:02)} 29. h4 {(00:33)} Ne4 {(00:07)} 30.
Rxe4 {(00:06)} dxe4 {(00:11)} 31. Qxe4 {(00:08)} h6 {
(00:41)} 32. e6 {(01:51)} Qe8 {(02:30)} 33. e7 {(
01:36)} Qd7 {(01:07)} 34. d5 {(00:51)} Re8 {(00:13)} 35.
Rxc6 {(03:20)} Rxe7 {(01:19)} 36. Qf3 {(00:08)} Re5 {
(00:19)} 37. d6 {(00:46)} Rxf5 {(00:30)} 38. Qe4 {(
00:22)} Rf6 {(02:27)} 39. Rc7 {(00:14)} Re6 {(01:16)} 40.
Rxd7 {(00:00)} Rxe4 {(00:00)} 41. Rxa7 {(01:03)} Rd4 {
(00:33)} 42. d7 {(01:22)} Kf8 {(00:02)} 43. Rb7 {(
03:43)} Ke7 {(00:08)} 44. Rxb6 {(00:07)} Kxd7 {(00:11)}
45. Rb7+ {(00:20)} Ke6 {(00:16)} 46. a5 {(00:17)} Rd2+ {
(03:42)} 47. Kf3 {(00:33)} Ra2 {(00:03)} 48. b4 {(
02:54)} Ra3+ {(08:22)} 49. Kf4 {(00:21)} g5+ {(00:58)} 50.
hxg5 {(01:15)} hxg5+ {(00:03)} 51. Kxg5 {(00:07)} Rxg3+ {
(00:08)} 52. Kf4 {(00:11)} Ra3 {(00:35)} 53. Ke4 {(
02:42)} Kd6 {(04:26)} 54. Rxf7 {(03:42)} Kc6 {(00:15)} 55.
Rf6+ {(00:07)} Kb7 {(00:36)} 56. Kd4 {(00:08)} Rh3 {
(00:22)} 57. Rd6 {(03:13)} Rh5 {(03:43)} 58. Kc4 {(
00:18)} Ka7 {(01:20)} 59. b5 {(00:20)} Rh7 {(00:40)} 60.
Kc5 {(01:23)} Rc7+ {(00:16)} 61. Rc6 {(00:50)} Rh7 {
(00:12)} 62. Re6 {(00:37)} Rc7+ {(01:00)} 63. Kd6 {
(01:32)} Rc1 {(00:08)} 64. Re7+ {(00:42)} Kb8 {(00:
07)} 65. b6 {(02:30)} Rc2 {(02:54)} 66. a6 {(00:21)} Rd2+
{(00:06)} 67. Kc5 {(02:41)} Rc2+ {(00:07)} 68. Kd4 {
(00:15)} Rd2+ {(00:10)} 69. Kc3 {(00:03)} Rd8 {(00:
06)} 70. Kc4 {(00:14)} Rh8 {(00:07)} 71. Kc5 {(00:45)}
Rc8+ {(00:50)} 72. Kb5 {(00:11)} Rh8 {(00:24)} 73. a7+ {
(00:28)} 1-0

[Event "42nd Olympiad Baku 2016 Open"]
[Site "Baku"]
[Date "2016.09.03"]
[Round "2.2"]
[White "Nabaty, Tamir"]
[Black "Roselli Mailhe, Bernardo"]
[Result "1-0"]
[ECO "A45"]
[WhiteElo "2630"]
[BlackElo "2434"]
[Annotator ""]
[PlyCount "65"]
[EventDate "2016.??.??"]
[EventCountry "AZE"]
[SourceTitle "playchess.com"]
[Source "ChessBase"]
[WhiteTeam "Israel"]
[BlackTeam "Uruguay"]
[WhiteTeamCountry "ISR"]
[BlackTeamCountry "URU"]
[TimeControl "40/5400+30:1800+30"]

1. d4 {(00:00)} Nf6 {(00:00)} 2. Bf4 {(00:00)} d5 {
(00:00)} 3. e3 {(00:00)} e6 {(00:36)} 4. Nf3 {(00:
00)} c5 {(03:10)} 5. c3 {(00:04)} Nc6 {(00:20)} 6. Nbd2 {
(00:07)} Be7 {(05:16)} 7. dxc5 {(00:28)} Bxc5 {(02:
17)} 8. Bd3 {(00:22)} Bd6 {(06:02)} 9. Bg3 {(13:07)} Bxg3
{(09:10)} 10. hxg3 {(01:11)} h6 {(00:35)} 11. Qe2 {
(00:59)} Qc7 {(03:53)} 12. e4 {(22:11)} O-O {(09:
14)} 13. O-O {(04:15)} Bd7 {(06:20)} 14. Rfe1 {(04:10)}
Rae8 {(03:00)} 15. Rad1 {(00:07)} a6 {(11:22)} 16. Bc2 {
(07:11)} Nb4 {(24:22)} 17. Bb1 {(02:23)} Bb5 {(00:
10)} 18. Qe3 {(00:06)} Ng4 {(00:12)} 19. Qf4 {(00:47)}
Qxf4 {(00:15)} 20. gxf4 {(00:03)} Nd3 {(03:03)} 21. Bxd3 {
(00:21)} Bxd3 {(00:04)} 22. exd5 {(02:32)} exd5 {(
00:10)} 23. Nd4 {(00:07)} b6 {(06:43)} 24. N2f3 {(04:44)}
Be4 {(03:31)} 25. Ne5 {(01:24)} Nxe5 {(01:19)} 26. fxe5 {
(00:02)} Rc8 {(01:11)} 27. f3 {(00:43)} Bh7 {(00:
28)} 28. Ne2 {(02:21)} Rfd8 {(00:44)} 29. Nf4 {(00:37)}
Bc2 {(00:26)} 30. Rd4 {(02:05)} Bf5 {(00:34)} 31. Nxd5 {
(01:30)} Kf8 {(00:05)} 32. Red1 {(01:33)} Rb8 {(00:
51)} 33. Ne3 {(00:19)} 1-0

[Event "42nd Olympiad Baku 2016 Open"]
[Site "Baku"]
[Date "2016.09.03"]
[Round "2.16"]
[White "Naiditsch, Arkadij"]
[Black "Nikolovski, Nikola"]
[Result "1-0"]
[ECO "B30"]
[WhiteElo "2696"]
[BlackElo "2265"]
[Annotator ""]
[PlyCount "103"]
[EventDate "2016.??.??"]
[EventCountry "AZE"]
[SourceTitle "playchess.com"]
[Source "ChessBase"]
[WhiteTeam "Azerbaijan"]
[BlackTeam "Macedonia"]
[WhiteTeamCountry "AZE"]
[BlackTeamCountry "MKD"]
[TimeControl "40/5400+30:1800+30"]

1. e4 {(00:00)} c5 {(00:00)} 2. Nf3 {(00:00)} Nc6 {
(00:00)} 3. Bb5 {(00:00)} d6 {(00:13)} 4. O-O {(00:
28)} Bd7 {(00:18)} 5. Re1 {(00:44)} Nf6 {(00:46)} 6. Nc3 {
(01:25)} e5 {(11:06)} 7. Nd5 {(04:45)} a6 {(26:07)}
8. Bc4 {(01:43)} Be7 {(02:57)} 9. c3 {(03:01)} b5 {
(12:45)} 10. Bf1 {(06:35)} O-O {(01:44)} 11. Nxe7+ {
(02:36)} Nxe7 {(05:20)} 12. d4 {(01:14)} Ng6 {(01:
24)} 13. Bg5 {(08:09)} Bc6 {(03:24)} 14. Nh4 {(16:03)} h6
{(06:07)} 15. Nxg6 {(03:17)} fxg6 {(00:21)} 16. dxe5 {
(00:52)} hxg5 {(05:50)} 17. exf6 {(00:13)} gxf6 {(
00:32)} 18. b4 {(02:57)} Qe7 {(01:41)} 19. Qb3+ {(10:23)}
Kg7 {(01:04)} 20. Rad1 {(00:11)} c4 {(03:04)} 21. Qa3 {
(01:04)} Bb7 {(12:37)} 22. g3 {(04:00)} Rf7 {(00:
54)} 23. Bg2 {(01:03)} Qe5 {(00:28)} 24. Qc1 {(03:44)} Rd8
{(02:09)} 25. h3 {(02:53)} Rfd7 {(00:44)} 26. Qe3 {
(03:01)} Rh8 {(00:42)} 27. Rd2 {(03:05)} Qe6 {(00:
35)} 28. Qb6 {(02:00)} Rhd8 {(00:29)} 29. Re3 {(00:36)}
Qe5 {(00:22)} 30. Bf3 {(01:30)} Re8 {(00:33)} 31. Bg4 {
(02:14)} Rf7 {(00:39)} 32. Rd5 {(02:19)} Qe7 {(00:
11)} 33. Rxd6 {(00:12)} Bxe4 {(00:30)} 34. Re6 {(00:44)}
Qd8 {(00:50)} 35. Qxd8 {(08:22)} Rxd8 {(00:05)} 36. R3xe4
{(03:49)} f5 {(00:08)} 37. Re2 {(01:03)} fxg4 {(00:
08)} 38. hxg4 {(00:11)} Rd3 {(00:53)} 39. Rxa6 {(00:20)}
Rxc3 {(00:21)} 40. Rb6 {(00:00)} Rc7 {(00:00)} 41. Ree6 {
(02:40)} Ra3 {(19:17)} 42. Rxg6+ {(02:56)} Kf8 {(
04:28)} 43. Rxb5 {(01:27)} Raa7 {(03:07)} 44. Rf5+ {(01:
12)} Ke7 {(01:05)} 45. Rf3 {(00:38)} Rxa2 {(03:10)} 46.
Rg7+ {(00:20)} Kd6 {(00:07)} 47. Rf6+ {(00:33)} Ke5 {
(00:05)} 48. Rxc7 {(00:35)} Kxf6 {(00:07)} 49. Rxc4 {
(00:07)} Rb2 {(00:05)} 50. Kg2 {(00:21)} Rb3 {(00:
14)} 51. Rc6+ {(00:11)} Ke5 {(00:07)} 52. Rg6 {(00:24)}
1-0

[Event "42nd Olympiad Baku 2016 Open"]
[Site "Baku"]
[Date "2016.09.03"]
[Round "2.6"]
[White "Nakamura, Hikaru"]
[Black "Shaw, John"]
[Result "1-0"]
[ECO "B01"]
[WhiteElo "2789"]
[BlackElo "2454"]
[Annotator ""]
[PlyCount "41"]
[EventDate "2016.??.??"]
[EventCountry "AZE"]
[SourceTitle "playchess.com"]
[Source "ChessBase"]
[WhiteTeam "United States"]
[BlackTeam "Scotland"]
[WhiteTeamCountry "USA"]
[BlackTeamCountry "SCO"]
[TimeControl "40/5400+30:1800+30"]

1. e4 {(00:00)} d5 {(01:06)} 2. exd5 {(00:00)} Qxd5 {
(00:04)} 3. Nc3 {(00:00)} Qd8 {(00:07)} 4. d4 {(00:
00)} Nf6 {(00:20)} 5. Bc4 {(00:00)} a6 {(01:20)} 6. Bg5 {
(00:06)} h6 {(09:34)} 7. Bxf6 {(00:29)} exf6 {(00:
22)} 8. Nf3 {(00:04)} Bb4 {(11:47)} 9. O-O {(02:36)} Bxc3
{(00:20)} 10. bxc3 {(00:04)} O-O {(00:14)} 11. Re1 {
(01:54)} Nc6 {(05:45)} 12. Nh4 {(04:20)} Na5 {(13:
43)} 13. Bd3 {(05:13)} Be6 {(09:16)} 14. Ng6 {(28:26)} Re8
{(05:04)} 15. Qh5 {(00:06)} c5 {(17:40)} 16. Nf4 {(
02:28)} c4 {(02:45)} 17. Be4 {(00:45)} Qc7 {(04:07)} 18.
g3 {(01:21)} Rad8 {(03:03)} 19. Re3 {(03:27)} b6 {(
06:15)} 20. Rae1 {(00:18)} Qd6 {(02:04)} 21. Bd5 {(00:55)}
1-0

[Event "42nd Olympiad Baku 2016 Open"]
[Site "Baku"]
[Date "2016.09.03"]
[Round "2.17"]
[White "Navara, David"]
[Black "Stefansson, Hannes"]
[Result "1-0"]
[ECO "E48"]
[WhiteElo "2742"]
[BlackElo "2574"]
[Annotator ""]
[PlyCount "63"]
[EventDate "2016.??.??"]
[EventCountry "AZE"]
[SourceTitle "playchess.com"]
[Source "ChessBase"]
[WhiteTeam "Czech Republic"]
[BlackTeam "Iceland"]
[WhiteTeamCountry "CZE"]
[BlackTeamCountry "ISL"]
[TimeControl "40/5400+30:1800+30"]

1. d4 {(00:00)} Nf6 {(00:00)} 2. c4 {(00:00)} e6 {(
00:00)} 3. Nc3 {(00:00)} Bb4 {(00:21)} 4. e3 {(00:00)} O-O
{(00:33)} 5. Bd3 {(00:00)} d5 {(01:05)} 6. cxd5 {(
00:41)} exd5 {(00:20)} 7. Nge2 {(00:12)} Re8 {(08:18)} 8.
O-O {(00:12)} Bd6 {(03:11)} 9. Bd2 {(00:11)} a6 {(
04:07)} 10. Rc1 {(05:35)} b6 {(05:47)} 11. Ng3 {(05:04)}
c5 {(04:16)} 12. Bb1 {(12:59)} Be6 {(05:48)} 13. dxc5 {
(11:35)} Bxc5 {(06:04)} 14. Nce2 {(11:08)} Nbd7 {(
02:23)} 15. Bc3 {(00:33)} Bd6 {(05:50)} 16. Nd4 {(10:05)}
Rc8 {(03:43)} 17. Qe2 {(11:24)} b5 {(02:45)} 18. Nxe6 {
(01:30)} fxe6 {(00:39)} 19. e4 {(00:09)} Bf4 {(06:
03)} 20. Rce1 {(07:33)} Be5 {(00:54)} 21. Bxe5 {(00:27)}
Nxe5 {(00:06)} 22. f4 {(01:25)} Qb6+ {(00:53)} 23. Kh1 {
(00:14)} Ng6 {(02:56)} 24. e5 {(02:15)} Nd7 {(00:
06)} 25. Qh5 {(07:00)} Ndf8 {(02:07)} 26. f5 {(00:08)}
exf5 {(00:18)} 27. Nxf5 {(00:09)} Rcd8 {(10:45)} 28. Nd6 {
(01:39)} Re6 {(00:53)} 29. Qf3 {(02:55)} Nxe5 {(02:
17)} 30. Rxe5 {(00:15)} Qxd6 {(00:14)} 31. Qf7+ {(00:19)}
Kh8 {(00:05)} 32. Rxd5 {(00:10)} 1-0

[Event "42nd Olympiad Baku 2016 Open"]
[Site "Baku"]
[Date "2016.09.03"]
[Round "2.13"]
[White "Nedev, Trajko"]
[Black "Mamedyarov, Shakhriyar"]
[Result "0-1"]
[ECO "B12"]
[WhiteElo "2484"]
[BlackElo "2761"]
[Annotator ""]
[PlyCount "98"]
[EventDate "2016.??.??"]
[EventCountry "AZE"]
[SourceTitle "playchess.com"]
[Source "ChessBase"]
[WhiteTeam "Macedonia"]
[BlackTeam "Azerbaijan"]
[WhiteTeamCountry "MKD"]
[BlackTeamCountry "AZE"]
[TimeControl "40/5400+30:1800+30"]

1. e4 {(00:00)} c6 {(00:00)} 2. d4 {(00:00)} d5 {(
00:00)} 3. e5 {(00:00)} Bf5 {(00:00)} 4. Nd2 {(00:00)} e6
{(00:53)} 5. Nb3 {(00:03)} Nd7 {(00:20)} 6. Nf3 {(
00:06)} c5 {(00:04)} 7. dxc5 {(03:18)} Bxc5 {(00:15)} 8.
Nxc5 {(13:22)} Nxc5 {(00:06)} 9. Bb5+ {(01:52)} Nd7 {
(00:08)} 10. O-O {(06:25)} Ne7 {(00:29)} 11. Nd4 {(
08:16)} O-O {(01:01)} 12. Re1 {(03:47)} Nc5 {(09:06)} 13.
Bg5 {(04:04)} Bg6 {(00:12)} 14. c4 {(07:46)} h6 {(
07:14)} 15. Bh4 {(09:25)} Qc7 {(02:32)} 16. Bxe7 {(04:49)}
Qxe7 {(00:08)} 17. cxd5 {(00:02)} exd5 {(00:05)} 18. Qf3 {
(06:02)} Ne6 {(06:23)} 19. Rad1 {(03:59)} Rfd8 {(
12:30)} 20. Nb3 {(09:25)} Rac8 {(06:40)} 21. Bd3 {(03:08)}
Bxd3 {(00:41)} 22. Qxd3 {(01:15)} Rc4 {(00:53)} 23. g3 {
(00:29)} b6 {(06:06)} 24. Re2 {(01:50)} a5 {(02:20]
} 25. f4 {(09:09)} g6 {(05:07)} 26. Qe3 {(00:56)} Qb4 {
(03:11)} 27. Red2 {(02:17)} d4 {(01:55)} 28. Qf2 {(
00:44)} h5 {(09:05)} 29. Nc1 {(00:37)} Qb5 {(00:44)} 30.
Nd3 {(00:09)} Ng7 {(00:05)} 31. b3 {(00:32)} Rc3 {(
03:58)} 32. Qe2 {(00:54)} Qc6 {(03:33)} 33. Nf2 {(00:47)}
Nf5 {(01:41)} 34. Qe4 {(00:08)} Qe6 {(03:35)} 35. Rd3 {
(00:02)} Rdc8 {(00:59)} 36. Qe2 {(01:46)} Rc2 {(03:
00)} 37. R3d2 {(00:16)} Ne3 {(00:12)} 38. Re1 {(00:35)} h4
{(05:46)} 39. Qd3 {(00:36)} hxg3 {(06:42)} 40. hxg3 {
(00:00)} R2c3 {(00:00)} 41. Qxd4 {(11:16)} Nc2 {(
02:15)} 42. Rxc2 {(00:03)} Rxc2 {(00:02)} 43. g4 {(05:07)}
Rxa2 {(01:10)} 44. Qd3 {(03:03)} Rb2 {(01:09)} 45. f5 {
(01:34)} gxf5 {(00:39)} 46. gxf5 {(00:11)} Qxb3 {(
00:06)} 47. Qxb3 {(00:34)} Rxb3 {(00:02)} 48. Ne4 {(00:05]
} a4 {(02:41)} 49. Nd6 {(01:28)} Rcc3 0-1